 Dungeon Crawl Stone Soup version 0.30.1-11-g7821555f0a (webtiles) character file.

Game seed: 6661010676647509939

3831 jurchenman the Thaumaturge (level 9, -20/45 HPs)
             Began as a Deep Elf Fire Elementalist on Nov 10, 2023.
             Was a Believer of Vehumet.
             Engulfed by a cloud of flame (23 damage)
             ... on level 8 of the Dungeon on Nov 13, 2023.
             The game lasted 00:30:55 (8169 turns).

jurchenman the Thaumaturge (DEFE)                   Turns: 8169, Time: 00:30:55

Health: -20/45     AC:  9    Str:  5    XL:     9   Next: 98%
Magic:  6/24       EV: 15    Int: 25    God:    Vehumet [**....]
Gold:   271        SH:  0    Dex: 15    Spells: 14/27 levels left

rFire   . . .        x - +4 dagger (venom)
rCold   . . .        (no shield)
rNeg    . . .        a - +0 robe
rPois   .            (no helmet)
rElec   .            (no cloak)
rCorr   .            j - +0 pair of gloves
SInv    .            h - +1 pair of boots
Will    .....        (no amulet)
Stlth   ++           n - ring of wizardry
HPRegen 0.27/turn    i - +4 ring of protection
MPRegen 0.19/turn

%: wizardry (x1)
@: no status effects
A: no striking features
a: Renounce Religion


You were on level 8 of the Dungeon.
You worshipped Vehumet.
Vehumet was pleased with you.
You visited 2 branches of the dungeon, and saw 9 of its levels.

You collected 271 gold pieces.

Inventory:

Hand Weapons
 c - a +0 hand axe
 f - a +0 dagger
 g - a +3 mace of venom
 p - a +3 spear of venom
 x - a +4 dagger of venom (weapon)
Missiles
 s - 2 throwing nets
Armour
 a - a +0 robe (worn)
 h - a +1 pair of boots (worn)
 j - a +0 pair of gloves (worn)
Jewellery
 d - a ring of willpower
 i - a +4 ring of protection (right hand)
 n - a ring of wizardry (left hand)
Wands
 m - a wand of polymorph (6)
 u - a wand of paralysis (10)
Scrolls
 k - 7 scrolls of teleportation
 q - 3 scrolls of blinking
 t - 2 scrolls of fear
 v - a scroll of fog
 y - 3 scrolls of identify
Potions
 b - a potion of magic
 e - a potion of ambrosia
 l - 2 potions of heal wounds
 o - 2 potions of cancellation
 r - 6 potions of curing
 w - a potion of invisibility
 z - a potion of might


   Skills:
 + Level 7.3 Dodging
 - Level 2.4 Stealth
 + Level 9.7 Spellcasting
 + Level 7.8 Conjurations
 - Level 4.0 Hexes
 + Level 3.3 Translocations
 + Level 8.4 Fire Magic


You had 14 spell levels left.
You knew the following spells:

 Your Spells              Type           Power      Damage    Failure   Level
a - Foxfire               Conj/Fire      100%       2x1d9     1%          1
b - Scorch                Fire           100%       2d9       1%          2
c - Inner Flame           Hex/Fire       43%        N/A       1%          3
d - Flame Wave            Conj/Fire      52%        2d13      1%          4
e - Gell's Gravitas       Tloc           29%        N/A       1%          3

Your spell library contained the following spells:

 Spells                   Type           Power      Damage    Failure   Level
 Poisonous Vapours        Pois/Air       24%        N/A       3%          2
 Lesser Beckoning         Tloc           58%        N/A       1%          2
 Dazzling Flash           Conj/Hex       82%        N/A       1%          3
 Ignite Poison            Fire/Tmut/Pois 26%        N/A       1%          3
 Teleport Other           Tloc           29%        N/A       1%          3
 Volatile Blastmotes      Fire/Tloc      82%        2d16      1%          3
 Fireball                 Conj/Fire      26%        3d12      1%          5
 Iskenderun's Battlesphe  Conj           51%        2d10      2%          5
 Cigotuvi's Dreadful Rot  Necr/Pois/Air  24%        N/A       3%          2
 Freezing Cloud           Conj/Ice/Air   12%        6-21      19%         5
 Silence                  Hex/Air        11%        N/A       24%         5
 Agony                    Necr           12%        N/A       45%         5
 Conjure Ball Lightning   Conj/Air       15%        3x3d6     50%         6
 Orb of Destruction       Conj           25%        9d9       52%         7


Dungeon Overview and Level Annotations

Branches:
Dungeon (8/15)             Temple (1/1) D:4
   Lair: D:8-11

Altars:
Ashenzari
Cheibriados
Dithmenos
Elyvilon
Fedhas
Gozag
Hepliaklqana
Kikubaaqudgha
Makhleb
Nemelex Xobeh
Okawaru
Qazlal
Ru
Sif Muna
Trog
Vehumet
Wu Jian
Xom
Yredelemnul
Zin

Shops:
D:4 (


Message History

The orc shouts!
You hear a bellow!
Casting: Inner Flame (safe; 1% risk of failure)
Confirm with . or Enter, or press ? or * to list all spells.
You conjure some foxfire!
Casting: Foxfire (safe; 1% risk of failure)
Confirm with . or Enter, or press ? or * to list all spells.
Flames lash the orc.
The orc is severely wounded.
The orc's fire resistance burns away.
You hear a bellow! x2
The foxfire hits the yak.
Flame seeps out of the yak.
The yak is lightly wounded.
The foxfire hits the yak.
Flame seeps out of the yak.
The yak is lightly wounded.
The yak is engulfed in blazing flames.
Flame seeps out of the yak.
Casting: Scorch (safe; 1% risk of failure)
Confirm with . or Enter, or press ? or * to list all spells.
Flames lash the orc.
The orc is burned terribly!
You kill the orc!
Vehumet accepts your kill.
You hear a bellow!
A yak comes into view.
Casting: Scorch (safe; 1% risk of failure)
Confirm with . or Enter, or press ? or * to list all spells.
Flames lash the yak.
Flame seeps out of the yak.
The yak is heavily wounded.
The yak's fire resistance burns away.
The yak is engulfed in blazing flames.
Flame seeps out of the yak.
The yak gores you.
Casting: Scorch (safe; 1% risk of failure)
Confirm with . or Enter, or press ? or * to list all spells.
Flames lash the yak.
The yak is burned terribly!
Vehumet accepts your kill.
You feel your power returning.
The yak explodes!
The fiery explosion engulfs you!!!
Ouch! That really hurt!
* * * LOW HITPOINT WARNING * * *
You are engulfed in blazing flames.
Ouch! That really hurt!
You die...

#............#
#............#
#(...Y.......#
#............# +
#..###..##...# .
###.)###..##...# .
'o..)))§§§.#...# .
#.....#§○§.#...#
#.... #§@§.#...#
#... ######...#
##### ###
###..##...# #...#
#.........# #...#
+....###### # #.)##
###..#
####'###########..#
#.................+
#.................#


You could see a yak.

Vanquished Creatures
  A two-headed ogre (D:8)
  Maggie (D:8)
  A yak (D:8)
  A wraith (D:6)
  2 water moccasins
  A black bear (D:8)
  2 ice beasts
  3 sky beasts
  4 orc warriors
  An ogre (D:4)
  A centaur (D:8)
  A gnoll sergeant (D:7)
  2 bullfrogs
  5 scorpions
  5 wights
  A howler monkey (D:6)
  A hound (D:5)
  A gnoll bouda (D:5)
  3 orc priests
  5 iguanas
  3 orc wizards
  An adder (D:6)
  26 gnolls
  A shadow imp (D:7)
  2 white imps
  3 ufetubi
  2 worms (D:2)
  4 dart slugs
  16 orcs
  4 bats
  8 endoplasms
  2 giant cockroaches
  5 hobgoblins
  8 quokkas
  4 ball pythons
  3 frilled lizards
  7 goblins
  3 kobolds
  4 rats
148 creatures vanquished.

Vanquished Creatures (others)
  333 foxfires
333 creatures vanquished.

Grand Total: 481 creatures vanquished

Notes
Turn   | Place    | Note
-------+----------+-------------------------------------------
     0 | D:1      | jurchenman the Deep Elf Fire Elementalist began the quest
                  | for the Orb.
     0 | D:1      | Reached XP level 1. HP: 10/10 MP: 6/6
   213 | D:1      | Found a faded altar of an unknown god.
   311 | D:1      | Reached XP level 2. HP: 15/15 MP: 5/8
   347 | D:1      | Learned a level 2 spell: Scorch
   579 | D:1      | Reached XP level 3. HP: 19/19 MP: 8/10
   884 | D:1      | Learned a level 3 spell: Inner Flame
  1256 | D:2      | Reached skill level 4 in Spellcasting
  1256 | D:2      | Reached XP level 4. HP: 24/24 MP: 4/12
  1390 | D:2      | Found a shimmering blue altar of Sif Muna.
  2207 | D:3      | Identified the +6 ring mail "Esex" {rPois Int+3}
  2545 | D:3      | You fall into a shaft and drop 2 floors!
  2545 | D:5      | Entered Level 5 of the Dungeon
  2642 | D:4      | Found a snail-covered altar of Cheibriados.
  2645 | D:4      | Noticed a scorpion
  3182 | D:4      | Killed a scorpion
  3183 | D:4      | Reached XP level 5. HP: 18/28 MP: 4/14
  3269 | D:4      | Found Nohiduopt's Antique Weapon Shoppe.
  3273 | D:4      | Found a staircase to the Ecumenical Temple.
  3280 | Temple   | Entered the Ecumenical Temple
  3292 | Temple   | Became a worshipper of Vehumet
  3339 | D:4      | Reached skill level 5 in Spellcasting
  3819 | D:4      | Reached XP level 6. HP: 32/32 MP: 4/15
  4076 | D:4      | Noticed a sky beast
  4120 | D:4      | Reached skill level 1 in Hexes
  4120 | D:4      | Reached skill level 5 in Fire Magic
  4129 | D:4      | Killed a sky beast
  4504 | D:4      | Found a shadowy altar of Dithmenos.
  4642 | D:5      | Reached XP level 7. HP: 24/36 MP: 6/17
  4968 | D:5      | Reached skill level 6 in Spellcasting
  4972 | D:5      | Reached * piety under Vehumet
  4972 | D:5      | Offered knowledge of Freeze by Vehumet.
  5184 | D:5      | Found a broken altar of Ashenzari.
  5715 | D:6      | Reached skill level 5 in Conjurations
  5915 | D:6      | Noticed a wraith
  5932 | D:6      | HP: 1/36 [wraith (9)]
  5933 | D:6      | Killed a wraith
  5934 | D:6      | Reached XP level 8. HP: 2/41 MP: 8/20
  5936 | D:6      | Reached skill level 7 in Spellcasting
  6090 | D:6      | Learned a level 4 spell: Flame Wave
  6255 | D:6      | Found a bloodstained altar of Trog.
  6586 | D:7      | Reached skill level 5 in Dodging
  6873 | D:7      | Reached skill level 8 in Spellcasting
  7036 | D:6      | Reached XP level 9. HP: 32/45 MP: 3/23
  7610 | D:7      | Learned a level 3 spell: Gell's Gravitas
  7740 | D:8      | Reached ** piety under Vehumet
  7788 | D:8      | Offered knowledge of Poisonous Vapours by Vehumet.
  7789 | D:8      | Reached skill level 1 in Translocations
  7854 | D:8      | Noticed a two-headed ogre
  7857 | D:8      | Killed a two-headed ogre
  7858 | D:8      | Reached skill level 9 in Spellcasting
  8096 | D:8      | Noticed Maggie
  8103 | D:8      | Killed Maggie
  8169 | D:8      | Engulfed by a cloud of flame

Illustrated notes

Levels and vault maps discovered:
D:1:      lightli_arrival_noodles, layout_loops_ring,
          hellmonk_ecumenical_altar_heavens_door
D:2:      layout_loops_ring, basic_altar
D:3:      layout_basic
D:4:      layout_rooms, mainiacjoe_overflow_six_doors_small,
          cheibriados_altar_1, minmay_temple_entry_drinking_statues,
          serial_shops, shop_statue
D:5:      layout_loops_corners, nicolae_ashenzari_panopticon
D:6:      layout_rooms, trog_butcher_becter
D:7:      layout_cave_pools, nicolae_elevator_lobby_plus
D:8:      layout_gridville, lair_entry_dummy, uniq_maggie
Temple:   hellmonk_temple_of_storms

Skill      XL: |  1  2  3  4  5  6  7  8  9 |
---------------+----------------------------+-----
Conjurations   | 2 3 4 5 6 7 |  7.8
Spellcasting   | 4 5 6 8 9 |  9.7
Fire Magic     | 4 5 6 7 8 |  8.4
Dodging        | 3 4 5 7 |  7.3
Hexes          | 2 4 |  4.0
Translocations | 3 |  3.3
Stealth        | |  2.4

Action                     |  1- 3 |  4- 6 |  7- 9 || total
---------------------------+-------+-------+-------++-------
  Melee: Hand axe          |     2 |       |       ||     2
         Dagger            |    17 |     4 |     3 ||    24
         Mace              |       |    27 |    13 ||    40
   Cast: Foxfire           |    35 |    40 |   107 ||   182
         Scorch            |    11 |    21 |    47 ||    79
         Inner Flame       |       |       |    24 ||    24
         Gell's Gravitas   |       |       |     5 ||     5
         Flame Wave        |       |       |     1 ||     1
    Use: Scroll            |     1 |    13 |     8 ||    22
   Stab: Sleeping          |     4 |     3 |     1 ||     8
 Armour: Robe              |     4 |    12 |     9 ||    25
  Dodge: Dodged            |    27 |    24 |    34 ||    85
